EL
NEW HAMPSHIRE FISHER CATS @ FRISCO ROUGHRIDERS
10/03/2048
 
TOP OF THE 1ST
New Hampshire Fisher Cats batting - Pitching for Frisco RoughRiders : RHP Jeff Kidd
Pitching: RHP Jeff Kidd
Batting: RHB Kai Stoyle 0-0: Called Strike
0-1: Foul Ball, location: 2F
0-2: Ball
1-2: Strikes out swinging
Batting: RHB Stephen Casteel 0-0: Ball
1-0: Fly out, F8 (Line Drive, 8LM, EV 103.8 MPH)
Batting: RHB Bill Murray 0-0: Foul Ball, location: 2F
0-1: Foul Ball, location: 2F
0-2: Strikes out swinging
Top of the 1st over - 0 runs, 0 hits, 0 errors, 0 left on base; New Hampshire 0 - Frisco 0
BOTTOM OF THE 1ST
Frisco RoughRiders batting - Pitching for New Hampshire Fisher Cats : RHP Dan Korte
Pitching: RHP Dan Korte
Batting: RHB Doug Hammertime 0-0: Ball
1-0: Called Strike
1-1: Ball
2-1: Foul Ball, location: 2F
2-2: Strikes out looking
Batting: LHB Alfonso Collazo 0-0: Ground out 6-3 (Groundball, 4, EV 75.6 MPH)
Batting: RHB Danny Murillo 0-0: Ball
1-0: Called Strike
1-1: Fly out, F8 (Line Drive, 8RM, EV 110.6 MPH)
Bottom of the 1st over - 0 runs, 0 hits, 0 errors, 0 left on base; New Hampshire 0 - Frisco 0
TOP OF THE 2ND
New Hampshire Fisher Cats batting - Pitching for Frisco RoughRiders : RHP Jeff Kidd
Batting: RHB Justin Geiger 0-0: Swinging Strike
0-1: Swinging Strike
0-2: Ball
1-2: Ball
2-2: Ball
3-2: SOLO HOME RUN (Flyball, 7D, EV 103.1 MPH), Distance : 384 ft
Batting: LHB Kurt Estep 0-0: Called Strike
0-1: SOLO HOME RUN (Flyball, 78XD, EV 116.2 MPH), Distance : 440 ft
Batting: RHB Chris Martin 0-0: Called Strike
0-1: Foul Ball, location: 2F
0-2: Ball
1-2: Foul Ball, location: 2F
1-2: Strikes out swinging
Batting: RHB Tokuji Kawabata 0-0: Called Strike
0-1: Ball
1-1: Foul Ball, location: 2F
1-2: Ball
2-2: Foul Ball, location: 2F
2-2: Ground out 6-3 (Groundball, 6, EV 81.2 MPH)
Batting: RHB Bobby Lasaguna 0-0: Ball
1-0: Ball
2-0: Called Strike
2-1: Fly out, F7 (Flyball, 7, EV 95.6 MPH)
Top of the 2nd over - 2 runs, 2 hits, 0 errors, 0 left on base; New Hampshire 2 - Frisco 0
BOTTOM OF THE 2ND
Frisco RoughRiders batting - Pitching for New Hampshire Fisher Cats : RHP Dan Korte
Batting: LHB Pauli Gassinger 0-0: Ball
1-0: Ball
2-0: Called Strike
2-1: Fly out, F8 (Line Drive, 89M, EV 101.2 MPH)
Batting: LHB Yasahiko Teshima 0-0: Ball
1-0: Ball
2-0: Swinging Strike
2-1: Foul Ball, location: 2F
2-2: Ball
3-2: Foul Ball, location: 2F
3-2: Foul Ball, location: 2F
3-2: Ground out 3-1 (Groundball, 34, EV 91.2 MPH)
Batting: RHB Josh Ferguson 0-0: Foul Ball, location: 2F
0-1: Ball
1-1: Called Strike
1-2: Foul Ball, location: 2F
1-2: Ball
2-2: Strikes out swinging
Bottom of the 2nd over - 0 runs, 0 hits, 0 errors, 0 left on base; New Hampshire 2 - Frisco 0
TOP OF THE 3RD
New Hampshire Fisher Cats batting - Pitching for Frisco RoughRiders : RHP Jeff Kidd
Batting: RHB Jose Ontiveros 0-0: Ball
1-0: Ball
2-0: Foul Ball, location: 2F
2-1: Called Strike
2-2: Ground out 6-3 (Groundball, 6S, EV 69.4 MPH)
Batting: RHB Kai Stoyle 0-0: Ball
1-0: Ball
2-0: SINGLE (Line Drive, 7S, EV 95.0 MPH)
Batting: RHB Stephen Casteel 0-0: Foul Ball, location: 2F
0-1: Ball
1-1: Ball
2-1: Foul Ball, location: 2F
2-2: Ball
3-2: Strikes out looking
Batting: RHB Bill Murray 0-0: Ground out 5-3 (Groundball, 56S, EV 70.0 MPH)
Top of the 3rd over - 0 runs, 1 hit, 0 errors, 1 left on base; New Hampshire 2 - Frisco 0
BOTTOM OF THE 3RD
Frisco RoughRiders batting - Pitching for New Hampshire Fisher Cats : RHP Dan Korte
Batting: RHB Joe Kemp 0-0: Ball
1-0: Foul Ball, location: 2F
1-1: Swinging Strike
1-2: Ball
2-2: Strikes out swinging
Batting: RHB Jose Pineda 0-0: Called Strike
0-1: Swinging Strike
0-2: Ball
1-2: Ball
2-2: Foul Ball, location: 2F
2-2: Foul Ball, location: 2F
2-2: Strikes out looking
Batting: RHB Darnell Jones 0-0: Ball
1-0: Foul Ball, location: 2F
1-1: Ball
2-1: Foul Ball, location: 2F
2-2: Foul Ball, location: 2F
2-2: Ball
3-2: Base on Balls
Batting: RHB Doug Hammertime 0-0: Fielders Choice at 2nd, 6-4 (Groundball, 6, EV 83.8 MPH)
Bottom of the 3rd over - 0 runs, 0 hits, 0 errors, 1 left on base; New Hampshire 2 - Frisco 0
TOP OF THE 4TH
New Hampshire Fisher Cats batting - Pitching for Frisco RoughRiders : RHP Jeff Kidd
Batting: RHB Justin Geiger 0-0: Ball
1-0: Foul Ball, location: 2F
1-1: Reached on error, E3 (Groundball, 3, EV 80.6 MPH)
Batting: LHB Kurt Estep 0-0: Ball
1-0: Swinging Strike
1-1: Fly out, F7 (Flyball, 78M, EV 85.0 MPH)
Batting: RHB Chris Martin 0-0: Ball
1-0: Fielders Choice at 2nd, 6-4 (Groundball, 6, EV 101.9 MPH)
Batting: RHB Tokuji Kawabata 0-0: DOUBLE (Line Drive, 3D, EV 102.5 MPH)
Chris Martin to third
Batting: RHB Bobby Lasaguna 0-0: Ball
1-0: Ground out 5-3 (Groundball, 56, EV 104.4 MPH)
Top of the 4th over - 0 runs, 1 hit, 1 error, 2 left on base; New Hampshire 2 - Frisco 0
BOTTOM OF THE 4TH
Frisco RoughRiders batting - Pitching for New Hampshire Fisher Cats : RHP Dan Korte
Batting: LHB Alfonso Collazo 0-0: Called Strike
0-1: Foul Ball, location: 2F
0-2: Ball
1-2: Ball
2-2: SINGLE (Line Drive, 7S, EV 112.5 MPH)
Batting: RHB Danny Murillo 0-0: Called Strike
0-1: Ball
1-1: SINGLE (Line Drive, 78S, EV 109.4 MPH)
Alfonso Collazo to second
Batting: LHB Pauli Gassinger 0-0: Ball
1-0: Called Strike
1-1: Ball
2-1: Fly out, F8 (Flyball, 8RD, EV 98.8 MPH)
Batting: LHB Yasahiko Teshima 0-0: Swinging Strike
0-1: Fly out, F9 (Flyball, 9LM, EV 95.6 MPH)
Batting: RHB Josh Ferguson 0-0: 3-RUN HOME RUN (Flyball, 7LD, EV 97.5 MPH), Distance : 352 ft
Batting: RHB Joe Kemp 0-0: Foul Ball, location: 2F
0-1: Ball
1-1: Foul Ball, location: 2F
1-2: Ball
2-2: Ball
3-2: Strikes out looking
Bottom of the 4th over - 3 runs, 3 hits, 0 errors, 0 left on base; New Hampshire 2 - Frisco 3
TOP OF THE 5TH
New Hampshire Fisher Cats batting - Pitching for Frisco RoughRiders : RHP Jeff Kidd
Batting: RHB Jose Ontiveros 0-0: Foul Ball, location: 2F
0-1: Foul Ball, location: 2F
0-2: Ball
1-2: Ground out 5-3 (Groundball, 56, EV 88.1 MPH)
Batting: RHB Kai Stoyle 0-0: Ball
1-0: Ball
2-0: Ball
3-0: Ground out 6-3 (Groundball, 6M, EV 87.5 MPH)
Batting: RHB Stephen Casteel 0-0: Ball
1-0: Fly out, F8 (Flyball, 8LS, EV 75.6 MPH)
Top of the 5th over - 0 runs, 0 hits, 0 errors, 0 left on base; New Hampshire 2 - Frisco 3
BOTTOM OF THE 5TH
Frisco RoughRiders batting - Pitching for New Hampshire Fisher Cats : RHP Dan Korte
Batting: RHB Jose Pineda 0-0: Foul Ball, location: 2F
0-1: Fly out, F9 (Flyball, 9D, EV 103.8 MPH)
Batting: RHB Darnell Jones 0-0: Foul Ball, location: 2F
0-1: DOUBLE (Groundball, 5L, EV 105.0 MPH)
Batting: RHB Doug Hammertime 0-0: Ball
Darnell Jones is caught stealing 3rd base 2-5
1-0: Foul Ball, location: 2F
1-1: Called Strike
1-2: Ball
2-2: Ground out 6-3 (Groundball, 6MS, EV 73.1 MPH)
Bottom of the 5th over - 0 runs, 1 hit, 0 errors, 0 left on base; New Hampshire 2 - Frisco 3
TOP OF THE 6TH
New Hampshire Fisher Cats batting - Pitching for Frisco RoughRiders : RHP Jeff Kidd
Batting: RHB Bill Murray 0-0: Called Strike
0-1: Swinging Strike
0-2: Ball
1-2: Foul Ball, location: 2F
1-2: SOLO HOME RUN (Flyball, 9D, EV 98.1 MPH), Distance : 372 ft
Batting: RHB Justin Geiger 0-0: Ball
1-0: Foul Ball, location: 2F
1-1: Ball
2-1: Ground out 6-3 (Groundball, 6, EV 88.1 MPH)
Batting: LHB Kurt Estep 0-0: Fly out, F8 (Flyball, 89D, EV 86.2 MPH)
Batting: RHB Chris Martin 0-0: Called Strike
0-1: Foul Ball, location: 2F
0-2: Ball
1-2: Strikes out swinging
Top of the 6th over - 1 run, 1 hit, 0 errors, 0 left on base; New Hampshire 3 - Frisco 3
BOTTOM OF THE 6TH
Frisco RoughRiders batting - Pitching for New Hampshire Fisher Cats : RHP Dan Korte
Batting: LHB Alfonso Collazo 0-0: Foul Ball, location: 2F
0-1: Swinging Strike
0-2: Ball
1-2: Ground out 4-3 (Groundball, 34, EV 92.5 MPH)
Batting: RHB Danny Murillo 0-0: Called Strike
0-1: Ball
1-1: Ball
2-1: Foul Ball, location: 2F
2-2: Foul Ball, location: 2F
2-2: Ball
3-2: SINGLE (Groundball, 6D, EV 112.5 MPH)
Batting: LHB Pauli Gassinger 0-0: Ball
1-0: Swinging Strike
1-1: Ball
Danny Murillo steals 2nd base
2-1: SINGLE (Line Drive, 8LS, EV 105.6 MPH)
Danny Murillo to third
Runner from 3rd tries for Home, SAFE, throw by CF to home
Batting: LHB Yasahiko Teshima 0-0: Ball
Pickoff Throw to First - Error! E1
Pauli Gassinger to second
1-0: Called Strike
1-1: Swinging Strike
1-2: Ball
2-2: Strikes out looking
Batting: RHB Josh Ferguson 0-0: Foul Ball, location: 2F
0-1: Foul Ball, location: 2F
0-2: Ball
1-2: Ball
2-2: Ball
3-2: Ground out 6-3 (Groundball, 56, EV 109.4 MPH)
Bottom of the 6th over - 1 run, 2 hits, 1 error, 1 left on base; New Hampshire 3 - Frisco 4
TOP OF THE 7TH
New Hampshire Fisher Cats batting - Pitching for Frisco RoughRiders : RHP Jeff Kidd
Batting: RHB Tokuji Kawabata 0-0: Called Strike
0-1: Called Strike
0-2: Ball
1-2: Strikes out swinging
Batting: RHB Bobby Lasaguna 0-0: Called Strike
0-1: Foul Ball, location: 2F
0-2: Fly out, F9 (Flyball, 89S, EV 80.0 MPH)
Batting: RHB Jose Ontiveros 0-0: Called Strike
0-1: Called Strike
0-2: Ball
1-2: Foul Ball, location: 2F
1-2: Foul Ball, location: 2F
1-2: Strikes out looking
Top of the 7th over - 0 runs, 0 hits, 0 errors, 0 left on base; New Hampshire 3 - Frisco 4
BOTTOM OF THE 7TH
Frisco RoughRiders batting - Pitching for New Hampshire Fisher Cats : RHP Dan Korte
Pitching: RHP Scott Olson
Batting: RHB Joe Kemp 0-0: Called Strike
0-1: Ball
1-1: Ball
2-1: Foul Ball, location: 2F
2-2: Strikes out swinging
Batting: RHB Jose Pineda 0-0: Ground out 1-3 (Groundball, P, EV 71.9 MPH)
Batting: RHB Darnell Jones 0-0: Ball
1-0: Called Strike
1-1: Foul Ball, location: 2F
1-2: Ball
2-2: Ball
3-2: Ground out 5-3 (Groundball, 56S, EV 80.0 MPH)
Bottom of the 7th over - 0 runs, 0 hits, 0 errors, 0 left on base; New Hampshire 3 - Frisco 4
TOP OF THE 8TH
New Hampshire Fisher Cats batting - Pitching for Frisco RoughRiders : RHP Jeff Kidd
Batting: RHB Kai Stoyle 0-0: Ball
1-0: Ball
2-0: Called Strike
2-1: Ground out 1-3 (Groundball, 34S, EV 70.0 MPH)
Pinch Hitting: LHB Rodrigo Briceno 0-0: Ground out 1-3 (Groundball, 15S, EV 68.1 MPH)
Batting: RHB Bill Murray 0-0: Called Strike
0-1: Called Strike
0-2: Ball
1-2: Ground out 5-3 (Groundball, 56, EV 85.0 MPH)
Top of the 8th over - 0 runs, 0 hits, 0 errors, 0 left on base; New Hampshire 3 - Frisco 4
BOTTOM OF THE 8TH
Frisco RoughRiders batting - Pitching for New Hampshire Fisher Cats : RHP Scott Olson
Now at 1B: Rodrigo Briceno
Now at 2B: Chris Martin
Batting: RHB Doug Hammertime 0-0: Ground out U3 (Groundball, 34, EV 101.2 MPH)
Batting: LHB Alfonso Collazo 0-0: Ball
1-0: Swinging Strike
1-1: Foul Ball, location: 2F
1-2: Ground out 6-3 (Groundball, 4, EV 88.1 MPH)
Batting: RHB Danny Murillo 0-0: Foul Ball, location: 2F
0-1: Called Strike
0-2: Ball
1-2: Ball
2-2: Strikes out swinging
Bottom of the 8th over - 0 runs, 0 hits, 0 errors, 0 left on base; New Hampshire 3 - Frisco 4
TOP OF THE 9TH
New Hampshire Fisher Cats batting - Pitching for Frisco RoughRiders : RHP Jeff Kidd
Pitching: LHP Valery Sahanov
Batting: RHB Justin Geiger 0-0: Called Strike
0-1: Ball
1-1: Ball
2-1: Ground out 6-3 (Groundball, 56S, EV 83.1 MPH)
Pinch Hitting: RHB Selam Chimsima 0-0: Ball
1-0: Ball
2-0: Ball
3-0: Called Strike
3-1: Foul Ball, location: 2F
3-2: Strikes out looking
Batting: RHB Chris Martin 0-0: Foul Ball, location: 2F
0-1: Foul Ball, location: 2F
0-2: Strikes out swinging
Top of the 9th over - 0 runs, 0 hits, 0 errors, 0 left on base; New Hampshire 3 - Frisco 4
Tuesday, March 28th , 2023 - OOTP Baseball 23.10 Build 110